 Dungeon Sprint DCSS version 0.19-a0-1851-g3228ea0 (webtiles) character file.

2198 Loading the Grappler (level 9, -10/82 HPs)
             Began as a Ghoul Monk on Oct 10, 2016.
             Was a Priest of Qazlal.
             Killed from afar by a deep elf knight (20 damage)
             ... with a shard of ice
             ... in the Dungeon (Sprint V: "Ziggurat Sprint").
             The game lasted 00:04:00 (264 turns).

Loading the Grappler (Ghoul Monk)                    Turns: 264, Time: 00:04:05

Health: -10/82     AC: 20    Str: 27    XL:     9   Next: 34%
Magic:  10/16      EV:  8    Int:  5    God:    Qazlal [***...]
Gold:   0          SH:  4    Dex: 14    Spells: 0 memorised, 8 levels left

rFire  + . .     SeeInvis .       - Unarmed
rCold  + + .     Gourm    .     i - +5 gold dragon scales
rNeg   + + +     Faith    .     (no shield)
rPois  ∞         Spirit   .     (no helmet)
rElec  .         Dismiss  .     (no cloak)
rCorr  .         Reflect  .     (no gloves)
MR     .....     Harm     .     (no boots)
Stlth  .......... NoTele   +    (no amulet)
                                z - +6 ring of strength
                                A - +6 ring of strength

@: rotting
A: rotting body, claws 1, carnivore 3, cold resistance 1, negative energy
resistance 3, slow regeneration 1, torment resistance, unbreathing
a: Upheaval, Elemental Force, Renounce Religion


You were in the Dungeon.
You worshipped Qazlal.
Qazlal was most pleased with you.
You were not hungry.

You visited 1 branch

Inventory:

Armour
 i - +5 gold dragon scales (worn)
Jewellery
 v - a +6 ring of dexterity
 w - a +6 ring of dexterity
 x - a +6 ring of intelligence
 y - a +6 ring of intelligence
 z - a +6 ring of strength (right claw)
 A - a +6 ring of strength (left claw)
Wands
 B - a wand of disintegration (7/24)
 C - a wand of iceblast (5/15)
 D - a wand of lightning (5/15)
 E - a wand of acid (5/15)
Scrolls
 h - 4 scrolls of blinking
 p - 4 scrolls of amnesia
 q - 3 scrolls of recharging
 r - 7 scrolls of fog
 s - 5 scrolls of identify
 t - 5 scrolls of remove curse
 u - 2 scrolls of fear
Potions
 c - 10 potions of curing
 d - 9 potions of heal wounds
 e - 6 potions of haste
 f - 7 potions of magic
 g - 3 potions of berserk rage
 j - 2 potions of brilliance
 l - 4 potions of resistance
 n - 4 potions of agility
 o - 4 potions of might
Comestibles
 a - 4 chunks of flesh
 b - 5 meat rations


   Skills:
 + Level 8.8 Fighting
 + Level 6.7 Armour
 + Level 7.4 Dodging
 - Level 2.1 Stealth
 * Level 13.8 Unarmed Combat
 * Level 11.3 Invocations


You had 8 spell levels left.
You didn't know any spells.

Dungeon Overview and Level Annotations

Branches:
Dungeon (1/1)

Altars:
Ashenzari
Cheibriados
Dithmenos
Elyvilon
Fedhas
Gozag
Hepliaklqana
Kikubaaqudgha
Makhleb
Nemelex Xobeh
Okawaru
Qazlal
Ru
Sif Muna
Trog
Uskayaw
Vehumet
Xom
Yredelemnul
Zin
The Shining One
Beogh
Jiyva
Lugonu


Innate Abilities, Weirdness & Mutations

Your body is rotting away.
You thrive on raw meat.
You are immune to poison.
You have sharp fingernails.
You are carnivorous and can eat meat at any time.
Your flesh is cold resistant. (rC+)
You are immune to negative energy. (rN+++)
You regenerate slowly when monsters are visible.
You are immune to unholy pain and torment.
You can survive without breathing.


Message History

Unknown command.
You are too injured to fight recklessly!
You are too injured to fight recklessly!
You feel much better. The mace of distortion hits you.
You feel a strange sense of stasis.
The deep elf knight points at you and mumbles some strange words.
The shard of ice hits you! You partially resist.
The deep elf mage gestures wildly while chanting.
The deep elf mage blinks!
The deep elf knight casts a spell.
The deep elf knight flickers and vanishes!
Deactivating autopickup; reactivate with Ctrl-A.
Clouds arounds you coalesce and take form!
The mace of distortion hits you but does no damage.
Space warps horribly around you!
* * * LOW HITPOINT WARNING * * *
You hear some strange, mumbled words.
A shard of ice appears from out of thin air!
The shard of ice hits you! You partially resist.
You die...

▓.....▓..)..▓.....▓
▓.....▓.((..▓▓▓▓▓▓▓
▓▓▓▓▓▓▓▓▓▓▓▓▓▓
▓..8©8...▓
▓..}==...▓
▓...:..e.▓
▓........▓
▓..e({.E.▓
▓.▓.@*.▓.▓
▓........▓
▓▓▓▓▓▓▓▓▓▓


You could see 2 deep elf magi, a mace of distortion, a battlesphere and a
friendly earth elemental.

Vanquished Creatures
  A dancing weapon (D)
  A deep elf archer (D)
  2 draconians (D)
  A jumping spider (D)
  3 scorpions (D)
8 creatures vanquished.

Vanquished Creatures (others)
  An earth elemental (D)
1 creature vanquished.

Grand Total: 9 creatures vanquished

Notes
Turn   | Place    | Note
-------+----------+-------------------------------------------
     0 | D        | Loading the Ghoul Monk began the quest for the Orb.
     0 | D        | Reached XP level 1. HP: 19/19 MP: 0/0
     5 | D        | Found a deep blue altar of Sif Muna.
     5 | D        | Found a bloodstained altar of Trog.
     5 | D        | Found a sacrificial altar of Ru.
     5 | D        | Found a stormy altar of Qazlal.
     5 | D        | Found an iron altar of Okawaru.
     6 | D        | Found a sparkling altar of Nemelex Xobeh.
     6 | D        | Found a blossoming altar of Fedhas.
     8 | D        | Found an ancient bone altar of Kikubaaqudgha.
     8 | D        | Found a viscous altar of Jiyva.
     8 | D        | Found a corrupted altar of Lugonu.
     8 | D        | Found a hazy altar of Hepliaklqana.
     8 | D        | Found a burning altar of Makhleb.
     8 | D        | Found an opulent altar of Gozag.
    31 | D        | Became a worshipper of Qazlal Stormbringer
    31 | D        | Reached * piety under Qazlal
    31 | D        | Reached ** piety under Qazlal
    48 | D        | Reached skill level 8 in Unarmed Combat
    48 | D        | Reached XP level 2. HP: 26/26 MP: 1/1
    58 | D        | Entered arena 1.
    58 | D        | Noticed a draconian
    58 | D        | Noticed a draconian
    72 | D        | Killed a draconian
    72 | D        | Reached skill level 5 in Dodging
    72 | D        | Reached skill level 11 in Unarmed Combat
    72 | D        | Reached XP level 3. HP: 17/37 MP: 1/7
    72 | D        | Reached XP level 4. HP: 20/44 MP: 1/8
    72 | D        | Reached XP level 5. HP: 23/50 MP: 1/9
    72 | D        | Reached XP level 6. HP: 27/57 MP: 1/10
    79 | D        | Killed a draconian
    79 | D        | Reached skill level 5 in Armour
    79 | D        | Reached skill level 12 in Unarmed Combat
    79 | D        | Reached XP level 7. HP: 31/66 MP: 1/12
   161 | D        | Entered arena 2.
   161 | D        | Noticed a long sword of holy wrath
   161 | D        | Noticed a deep elf archer
   164 | D        | Killed a long sword of holy wrath
   164 | D        | Reached skill level 13 in Unarmed Combat
   164 | D        | Reached skill level 10 in Invocations
   164 | D        | Reached XP level 8. HP: 74/74 MP: 8/14
   176 | D        | Killed a deep elf archer
   176 | D        | Reached XP level 9. HP: 73/82 MP: 9/16
   220 | D        | Entered arena 3.
   220 | D        | Noticed a jumping spider
   225 | D        | Reached *** piety under Qazlal
   229 | D        | Killed a jumping spider
   255 | D        | Entered arena 4.
   255 | D        | Noticed a deep elf knight
   255 | D        | Noticed a deep elf mage
   255 | D        | Noticed a deep elf mage
   255 | D        | Noticed a mace of distortion
   264 | D        | Killed from afar by a deep elf knight

Vault maps used:
D:        sprint_v

Skill      XL: |  1  2  3  4  5  6  7  8  9 |
---------------+----------------------------+-----
Unarmed Combat | 8 11 12 13 | 13.8
Fighting       | 6 7 8 |  8.8
Armour         | 4 5 6 |  6.7
Dodging        | 5 6 7 |  7.4
Invocations    | 7 8 10 11 | 11.3
Stealth        | |  2.1

Action                   |  1- 3 |  4- 6 |  7- 9 || total
-------------------------+-------+-------+-------++-------
Melee: Unarmed           |     9 |     6 |    33 ||    48
       Punch             |       |     1 |     1 ||     2
Invok: Upheaval          |       |       |     1 ||     1
       Elemental Force   |       |       |     1 ||     1
  Use: Potion            |     4 |       |     2 ||     6
 Stab: Invisible         |     1 |     3 |     1 ||     5
  Eat: Chunk             |       |       |     7 ||     7
Armor: Gold dragon scale |     4 |     1 |    21 ||    26
Dodge: Dodged            |     9 |     4 |     7 ||    20
Block: Other             |     1 |       |     5 ||     6
